 Dungeon Crawl Stone Soup version 0.32-a0-132-g2d33c3cfaf (webtiles) character file.

Game seed: 13661160904221944031

324 cforsyth the Ducker (level 6, 0/46 HPs)
             Began as a Djinni Hexslinger on Feb 9, 2024.
             Killed from afar by an orc wizard (6 damage)
             ... with a magic dart
             ... on level 3 of the Dungeon.
             The game lasted 00:04:13 (2061 turns).

cforsyth the Ducker (Djinni Hexslinger)             Turns: 2061, Time: 00:04:14

Health: 0/46       AC:  3    Str:  7    XL:     6   Next: 77%
Gold:   111        EV: 13    Int: 16    God:
                   SH:  0    Dex: 16

rFire   + + .        a - +1 sling
rCold   x . .        (no shield)
rNeg    . . .        c - +0 robe
rPois   ∞            e - +0 helmet
rElec   .            (no cloak)
rCorr   +            (no gloves)
SInv    .            (boots unavailable)
Will    .....        (no amulet)
Stlth   +            R - ring of resist corrosion
HPRegen 0.27/turn    (no ring)
MPRegen 0.00/turn

%: infuse magic (-1 HP)
@: confused, flying, very slightly contaminated
A: sickness immunity, fire resistance 2, cold vulnerability 1, float, innate
caster, HP casting, extra vitality 1
a: no special abilities


You were on level 3 of the Dungeon.
You visited 1 branch of the dungeon, and saw 3 of its levels.

You collected 111 gold pieces.


Innate Abilities, Weirdness & Mutations

You are immune to sickness and miasma.
You are immune to poison.
Your flesh is very heat resistant. (rF++)
You are vulnerable to cold. (rC-)
You float through the air rather than walking.
You learn spells naturally, not from books.
Your magical power is your life essence.
You have superior vitality. (+4 MHP)


   Skills:
 + Level 3.1 Fighting
 + Level 3.0 Ranged Weapons
 + Level 4.0 Dodging
 + Level 3.5 Spellcasting
 + Level 3.5 Conjurations
 + Level 3.5 Hexes
 + Level 3.5 Summonings
 + Level 3.5 Necromancy
 + Level 3.5 Translocations
 + Level 3.5 Fire Magic
 + Level 3.5 Ice Magic
 + Level 3.5 Air Magic
 + Level 3.5 Earth Magic
 + Level 3.5 Alchemy


You knew the following spells:

 Your Spells              Type           Power      Damage    Failure   Level
a - Mercury Vapours       Alch/Air       28%        N/A       6%          2
c - Cause Fear            Hex            7%         N/A       38%         4
f - Inner Flame           Hex/Fire       14%        N/A       12%         3
z - Sandblast             Erth           28%        2d8       4%          1
X - Jinxbite              Hex            28%        N/A       6%          2
Y - Sigil of Binding      Hex            14%        N/A       12%         3
Z - Dimensional Bullseye  Hex/Tloc       7%         N/A       38%         4
Your spell library was empty.

Inventory:

Hand Weapons
 a - a +1 sling (weapon)
Armour
 c - a +0 robe (worn)
 e - a +0 helmet (worn)
 m - a +0 cloak
Jewellery
 R - a ring of resist corrosion (left hand)
Wands
 o - a wand of iceblast (5)
Scrolls
 b - a scroll of poison
 g - 4 scrolls of identify {unknown}
 h - a scroll of immolation {unknown}
 j - a scroll of teleportation {unknown}
 k - 2 scrolls of enchant armour {unknown}
 n - a scroll of revelation {unknown}
Potions
 d - a potion of curing {unknown}
 f - 2 potions of ambrosia {unknown}
 i - 2 potions of brilliance {unknown}
 l - a potion of attraction {unknown}
 p - 2 potions of enlightenment {unknown}

Dungeon Overview and Level Annotations

Branches:
Dungeon (3/15)

Altars:

>)))..)...#
.########.#
#.# #.# #{#
#.# #.# #.#
#@# #.# #.#
#.# #.# #.#
#.. #.# ...
#.# .## #.#


There were no monsters in sight!


Message History

* * * LOW HITPOINT WARNING * * *
Unknown command.
Casting: Cause Fear (quite dangerous; 38% risk of failure)
Confirm with . or Enter, or press ? or * to list all spells.
Casting: Cause Fear (quite dangerous; 38% risk of failure)
Press: ? - help, Dir - look around, f - activate You miscast Cause Fear.
Nothing appears to happen.
* * * LOW HITPOINT WARNING * * *
You hear some strange, mumbled words.
Something tries to affect you, but you resist.
Something hits you but does no damage.
Casting: Cause Fear (quite dangerous; 38% risk of failure)
Confirm with . or Enter, or press ? or * to list all spells.
You don't know that spell.
Casting: Cause Fear (quite dangerous; 38% risk of failure)
Confirm with . or Enter, or press ? or * to list all spells.
Casting: Cause Fear (quite dangerous; 38% risk of failure)
Press: ? - help, Dir - look around, f - activate
* * * LOW HITPOINT WARNING * * *
Unknown command.
An orc wizard appears from thin air!
Reactivating autopickup.
The orc wizard mumbles some strange words.
The orc wizard flickers and vanishes!
Deactivating autopickup; reactivate with Ctrl-A.
You feel yourself speed up.
You feel your willpower return.
You are confused.
A magic dart appears from out of thin air!
The magic dart hits you.
You die...

Skill      XL: |  1  2  3  4  5  6 |
---------------+-------------------+-----
Ranged Weapons | 2 3 |  3.0
Spellcasting   | 3 |  3.5
Conjurations   | 3 |  3.5
Hexes          | 3 |  3.5
Summonings     | 3 |  3.5
Necromancy     | 3 |  3.5
Translocations | 3 |  3.5
Fire Magic     | 3 |  3.5
Ice Magic      | 3 |  3.5
Air Magic      | 3 |  3.5
Earth Magic    | 3 |  3.5
Alchemy        | 3 |  3.5
Fighting       | 3 |  3.1
Dodging        | 3 4 |  4.0

Action                     |  1- 3 |  4- 6 || total
---------------------------+-------+-------++-------
   Fire: Sling             |    87 |    60 ||   147
   Cast: Jinxbite          |    16 |    12 ||    28
         Cause Fear        |       |     1 ||     1
 Armour: Robe              |    31 |    21 ||    52
  Dodge: Dodged            |    41 |    30 ||    71

Levels and vault maps discovered:
D:1:      kennysheep_arrival_seaside, layout_rooms,
          hellmonk_ecumenical_altar_watching_god, minmay_strange_pillars,
          st_stairs_9
D:2:      layout_basic
D:3:      layout_basic, mainiacjoe_overflow_six_doors_small,
          reono_crystal_passage, minivault_25, uniq_crazy_yiuf_cottage,
          uniq_grinder

Notes
Turn   | Place    | Note
-------+----------+-------------------------------------------
     0 | D:1      | cforsyth the Djinni Hexslinger began the quest for the Orb.
     0 | D:1      | cforsyth set off with the following spells memorised:
                  | Jinxbite, Sigil of Binding, Inner Flame, Cause Fear,
                  | Dimensional Bullseye.
     0 | D:1      | Reached XP level 1. HP: 17/17 MP: 0/0
    68 | D:1      | Noticed a shining eye
    70 | D:1      | Found a faded altar of an unknown god.
    72 | D:1      | Noticed a glass eye
    72 | D:1      | Noticed an eye of devastation
    72 | D:1      | Noticed a golden eye
   155 | D:1      | Reached XP level 2. HP: 12/22 MP: 0/0
   671 | D:2      | Reached XP level 3. HP: 25/27 MP: 0/0
   671 | D:2      | Learned a level 1 spell: Sandblast
   944 | D:2      | Reached skill level 2 in Ranged Weapons
  1436 | D:3      | Reached skill level 3 in Spellcasting
  1436 | D:3      | Reached skill level 3 in Conjurations
  1436 | D:3      | Reached skill level 3 in Hexes
  1436 | D:3      | Reached skill level 3 in Summonings
  1436 | D:3      | Reached skill level 3 in Necromancy
  1436 | D:3      | Reached skill level 3 in Translocations
  1436 | D:3      | Reached skill level 3 in Fire Magic
  1436 | D:3      | Reached skill level 3 in Ice Magic
  1436 | D:3      | Reached skill level 3 in Air Magic
  1436 | D:3      | Reached skill level 3 in Earth Magic
  1436 | D:3      | Reached skill level 3 in Alchemy
  1444 | D:3      | Reached XP level 4. HP: 14/33 MP: 0/0
  1537 | D:3      | Reached skill level 2 in Fighting
  1537 | D:3      | Reached skill level 3 in Dodging
  1700 | D:3      | Noticed Grinder
  1723 | D:3      | Killed Grinder
  1724 | D:3      | Reached skill level 3 in Fighting
  1724 | D:3      | Reached XP level 5. HP: 40/40 MP: 0/0
  1724 | D:3      | Learned a level 2 spell: Mercury Vapours
  1724 | D:3      | Reached XP level 6. HP: 46/46 MP: 0/0
  1932 | D:3      | Reached skill level 3 in Ranged Weapons
  1932 | D:3      | Reached skill level 4 in Dodging
  2061 | D:3      | Killed from afar by an orc wizard

Vanquished Creatures
  Grinder (D:3)
  A jelly (D:3)
  An orc priest (D:3)
  3 adders
  A ribbon worm (D:3)
  2 dart slugs
  3 orcs (D:3)
  2 bats
  2 endoplasms
  2 giant cockroaches (D:3)
  6 goblins
  4 hobgoblins
  4 jackals (D:3)
  2 kobolds (D:1)
  A quokka (D:2)
  3 ball pythons
  2 frilled lizards (D:1)
  4 rats
44 creatures vanquished.

Table legend: (Time is in decaauts)
 A = Elapsed time spent in this place.
 B = Non-inter-level travel time spent in this place.
 C = Inter-level travel time spent in this place.
 D = Time resting spent in this place.
 E = Time spent auto-exploring this place.
 F = Levels seen in this place.
 G = Mean time per level.
                   A        B        C        D        E       F      G
               +--------+--------+--------+--------+--------+-----+--------+
         Total |   2110 |   2073 |     37 |     96 |   1608 |   3 |  703.3 |
       Dungeon |   2110 |   2073 |     37 |     96 |   1608 |   3 |  703.3 |
               +--------+--------+--------+--------+--------+-----+--------+

Top non-repeatable levels by time:
     D:2: 867 daAuts
     D:1: 655 daAuts
     D:3: 587 daAuts

Table legend:
 A = Non-vault XP
 B = Vault XP
 C = Vault XP percentage of total XP
 D = Non-vault monster count
 E = Vault monster count
 F = Vault count percentage of total count
                 A         B        C        D         E       F
            +---------+---------+-------+---------+---------+-------
      Total |     203 |     260 |  56.2 |      41 |       3 |   6.8
            +---------+---------+-------+---------+---------+-------
        D:1 |      21 |       2 |   8.7 |      12 |       2 |  14.3
        D:2 |      31 |       0 |   0.0 |       9 |       0 |   0.0
        D:3 |     151 |     258 |  63.1 |      20 |       1 |   4.8
            +---------+---------+-------+---------+---------+-------
